 Dungeon Crawl Stone Soup version 0.28.0-53-g5a82cb258f (webtiles) character file.

Game seed: 2964336051393295142

116 Sin92 the Skirmisher (level 4, -6/36 HPs)
             Began as a Demonspawn Fighter on July 7, 2022.
             Mangled by a gnoll
             ... wielding a +0 halberd
              (12 damage)
             ... on level 3 of the Dungeon.
             The game lasted 00:02:05 (1663 turns).

Sin92 the Skirmisher (Demonspawn Fighter)           Turns: 1663, Time: 00:02:06

Health: -6/36      AC:  8    Str: 22    XL:     4   Next: 70%
Magic:  4/4        EV:  9    Int:  9    God:
Gold:   101        SH:  0    Dex: 15    Spells: 3/3 levels left

rFire   . . .      SeeInvis .   a - +0 trident
rCold   . . .      Faith    .   c - +0 buckler
rNeg    . . .      Spirit   .   b - +0 scale mail
rPois   .          Reflect  .   i - +0 helmet
rElec   .          Harm     .   (no cloak)
rCorr   .          Rampage  .   (no gloves)
Will    .....                   (no boots)
Stlth   ..........              (no amulet)
HPRegen 0.12/turn               e - +6 ring of strength
MPRegen 0.09/turn               (no ring)

@: confused, mighty, ambrosia-drunk
A: powered by pain 1
a: no special abilities


You were on level 3 of the Dungeon.
You visited 1 branch of the dungeon, and saw 3 of its levels.

You collected 101 gold pieces.

Inventory:

Hand Weapons
 a - a +0 trident (weapon)
Armour
 b - a +0 scale mail (worn)
 c - a +0 buckler (worn)
 i - a +0 helmet (worn)
Jewellery
 e - a +6 ring of strength (left hand)
Scrolls
 j - a scroll of fog {unknown}
 k - 2 scrolls of noise {unknown}
Potions
 g - a potion of magic {unknown}
 h - a potion of berserk rage


   Skills:
 + Level 3.6 Fighting
 * Level 3.1 Polearms
 + Level 3.3 Armour
 + Level 3.2 Shields


You had 3 spell levels left.
You didn't know any spells.
Your spell library contained the following spells:

 Spells                   Type           Power      Damage    Failure   Level
 Corpse Rot               Necr/Air       0%         N/A       91%         2
 Dispel Undead            Necr           0%         3d6       100%        4
 Iskenderun's Battlesphe  Conj           0%         2d6       100%        5
 Death Channel            Necr           0%         N/A       100%        6
 Iron Shot                Conj/Erth      0%         9d1       100%        6
 Spellforged Servitor     Conj/Summ      0%         N/A       100%        7


Dungeon Overview and Level Annotations

Branches:
Dungeon (3/15)

Altars:


Innate Abilities, Weirdness & Mutations

You sometimes gain a little power by taking damage.


Message History

HP restored.
k - 2 scrolls labelled ZUICSOITAKH No target in view!
You now have 101 gold pieces (gained 8).
Found 18 bolts.
No target in view!
Found a stone staircase leading down.
No target in view!
A gnoll comes into view. It is wielding a +0 halberd.
The gnoll shouts!
You hear a shout!
A gnoll shaman comes into view. It is wielding a +0 whip of pain.
You hear a shout!
A quokka comes into view.
There are monsters nearby! 2 gnolls come into view.
The gnoll shouts! x2
There are monsters nearby!
You puncture the quokka!
You kill the quokka!
The gnoll hits you from afar with a +0 halberd!
You focus on the pain.
You feel very mighty all of a sudden.
There are monsters nearby!
You reach to attack!
You hit the gnoll shaman but do no damage.
The gnoll hits you from afar with a +0 halberd!
You feel mightier all of a sudden. You block the gnoll's attack.
You barely miss the gnoll shaman. You block the gnoll shaman's attack.
The gnoll closely misses you. The gnoll hits you with a +0 whip.
The gnoll hits you from afar with a +0 halberd!
* * * LOW HITPOINT WARNING * * *
The gnoll shaman hits you with a +0 whip of pain.
* * * LOW HITPOINT WARNING * * *
Unknown command.
It was a potion of ambrosia.
You are confused.
You feel invigorated.
The gnoll hits you from afar with a +0 halberd!
You die...

...###...# ..#
#...#.### .##
####....########
......(.........
###........####.
#.....>..#
#..###.####
#.##...#
#..#g@### #.
#g##
#.....gg...#
##...........#
#...........#
#...........#
#...........#
#..........##
#.#...#...##


You could see a gnoll shaman and 3 gnolls.

Vanquished Creatures
  A scorpion (D:2)
  2 adders
  A worm (D:2)
  2 dart slugs
  4 ball pythons
  4 endoplasms (D:2)
  4 goblins
  A hobgoblin (D:1)
  3 kobolds
  A quokka (D:3)
  3 bats (D:2)
  4 frilled lizards
  2 rats
32 creatures vanquished.

Notes
Turn   | Place    | Note
-------+----------+-------------------------------------------
     0 | D:1      | Sin92 the Demonspawn Fighter began the quest for the Orb.
     0 | D:1      | Reached XP level 1. HP: 18/18 MP: 1/1
   304 | D:1      | Gained mutation: You sometimes gain a little power by
                  | taking damage. [demonic ancestry]
   304 | D:1      | Reached XP level 2. HP: 24/24 MP: 2/2
   386 | D:1      | Found a faded altar of an unknown god.
   970 | D:2      | Reached XP level 3. HP: 20/29 MP: 3/3
  1174 | D:2      | Noticed a scorpion
  1189 | D:2      | Killed a scorpion
  1190 | D:2      | Reached XP level 4. HP: 32/35 MP: 4/4
  1663 | D:3      | Mangled by a gnoll

Illustrated notes

Levels and vault maps discovered:
D:1:      elethiomel_arrival_shortcut, layout_loops_ring,
          shapermc_ecumenical_altar_totnotflames
D:2:      layout_rooms, chequers_serial_rivers_large_a, hangedman_decor_opposing
D:3:      layout_rooms, jmf_multi_god_temple

Skill      XL: |  1  2  3 |
---------------+----------+-----
Polearms       | 2 3 |  3.1
Armour         | 3 |  3.3
Shields        | 3 |  3.2
Fighting       | |  3.6

Action                   |  1- 3 |  4- 6 || total
-------------------------+-------+-------++-------
Melee: Trident           |    69 |    27 ||    96
  Use: Scroll            |     3 |       ||     3
       Potion            |       |     2 ||     2
Armor: Scale mail        |    13 |     9 ||    22
Dodge: Dodged            |    29 |     6 ||    35
Block: Buckler           |     9 |     4 ||    13
